Predators vs Canadiens

Created - 26 décembre 2020 at 22:22

Goals
1 2 3 T
Predators 1 0 1 2
Canadiens 3 1 1 5
Shots
1 2 3 T
Predators 9 8 6 23
Canadiens 13 13 15 41

1st period

1. Canadiens , Patrick Kane 12 (Auston Matthews 20, Cam Fowler 21) at 0:18
2. Canadiens , Ivan Provorov 2 (Artturi Lehkonen 5, Tyson Jost 4) at 8:22
3. Canadiens , Ilya Kovalchuk 8 (Jakob Silfverberg 12, David Krejci 10) at 16:29
4. Predators , J.T. Miller 17 (Thomas Chabot 10, Oscar Klefbom 8) at 17:36

Penalties :
Travis Sanheim (MTL) for Cross-checking (Minor) at 1:30, Artturi Lehkonen (MTL) for Tripping (Minor) at 4:24

2nd period

5. Canadiens , Nate Schmidt 3 (Patrick Kane 22) at 10:56

Penalties :
Thomas Chabot (NSH) for Roughing (Minor) at 19:29

3rd period

6. Canadiens , Josh Morrissey 9 (Cam Fowler 22, Patrick Kane 23) at 7:25 (PP)
7. Predators , Alexander Kerfoot 2 (Darren Helm 1) at 8:20

Penalties :
Nikita Zadorov (NSH) for High sticking (Minor) at 6:00, Cam Fowler (MTL) for Hooking (Minor) at 14:10, Patrick Kane (MTL) for Interference (Minor) at 19:52

Goalie Stats

Devan Dubnyk (NSH), 36 saves from 41 shots - (0,878), L, 6-11-2, 60:00 minutes
Tuukka Rask (MTL), 21 saves from 23 shots - (0,913), W, 9-5-1, 60:00 minutes

Players Stats for Predators

Player Name              G  A  P  +/- PIM S  H  SB GA TA FO     MP     PP MP  PK MP  
------------------------------------------------------------------------------------
Alex Tuch                0  0  0   0  0   0  0  0  0  0  0/0     4:52   0:00   0:00 
Alexander Kerfoot        1  0  1   1  0   2  0  0  0  0  9/22   13:31   0:00   1:03 
Brendan Smith            0  0  0   1  0   0  1  0  0  0  0/1    12:28   0:00   0:00 
Colton Sissons           0  0  0  -1  0   2  7  0  0  0  1/1    20:40   2:53   0:22 
Darren Helm              0  1  1   1  0   3  1  0  0  0  0/0    12:28   0:00   0:00 
Evgeny Kuznetsov         0  0  0  -1  0   3  0  1  0  0  12/34  22:17   2:53   1:59 
J.T. Compher             0  0  0  -2  0   1  0  0  0  0  1/2    18:58   3:11   0:00 
J.T. Miller              1  0  1  -1  0   4  3  0  0  0  23/38  25:56   3:11   2:40 
Kyle Connor              0  0  0  -1  0   3  1  0  0  0  0/1    20:40   2:53   0:22 
Max Pacioretty           0  0  0  -2  0   0  0  0  0  0  1/2    19:20   3:11   0:22 
Nikita Zadorov           0  0  0   0  2   0  9  0  0  0  0/0    13:39   0:00   1:01 
Oliver Ekman-Larsson     0  0  0  -2  0   1  4  2  0  0  0/0    26:07   3:00   2:01 
Oscar Klefbom            0  1  1   0  0   2  3  2  0  0  0/0    21:14   3:04   1:23 
Roman Josi               0  0  0  -2  0   1  1  1  0  0  0/0    26:07   3:00   2:01 
Shea Theodore            0  0  0   0  0   0  0  1  0  0  0/0    12:39   0:00   0:00 
Thomas Chabot            0  1  1   0  2   0  1  2  0  0  0/0    20:12   3:04   0:22 
Tyler Pitlick            0  0  0  -1  0   0  0  0  0  0  0/1     0:34   0:00   0:00 
Victor Olofsson          0  0  0   0  0   1  0  0  0  0  0/0     4:52   0:00   0:00 

Players Stats for Canadiens

Player Name              G  A  P  +/- PIM S  H  SB GA TA FO     MP     PP MP  PK MP  
------------------------------------------------------------------------------------
Artturi Lehkonen         0  1  1   0  2   0  2  0  0  0  1/1    14:26   0:00   2:40 
Auston Matthews          0  1  1   1  0   6  2  0  0  0  14/28  19:41   1:47   0:00 
Cam Fowler               0  2  2   1  2   1  2  3  0  0  0/0    22:13   1:47   2:05 
Colin White              0  0  0   0  0   2  1  1  0  0  5/13   11:47   0:00   0:00 
Danny DeKeyser           0  0  0   1  0   0  1  2  0  0  0/0    16:20   0:00   0:52 
David Krejci             0  1  1   1  0   2  1  0  0  0  18/31  15:41   1:37   0:00 
Ilya Kovalchuk           1  0  1   1  0   4  1  0  0  0  2/3    15:41   1:37   0:00 
Ivan Provorov            1  0  1   1  0   2  3  0  0  0  0/0    20:12   1:37   3:07 
Jakob Silfverberg        0  1  1   1  0   8  1  1  0  0  3/4    17:51   1:37   2:10 
Josh Morrissey           1  0  1   0  0   1  0  1  0  0  0/0    21:44   1:47   3:15 
Justin Abdelkader        0  0  0   0  0   0  1  0  0  0  1/1     6:57   0:00   0:10 
Loui Eriksson            0  0  0   0  0   1  0  0  0  0  0/0     8:57   0:00   2:10 
Nate Schmidt             1  0  1   0  0   3  0  0  0  0  0/0    21:08   1:37   2:49 
Nick Shore               0  0  0   0  0   1  0  0  0  0  9/16   10:17   0:00   3:30 
Patrick Kane             1  2  3   1  2   4  0  0  0  0  1/1    19:40   1:47   0:00 
Travis Sanheim           0  0  0   1  2   0  1  0  0  0  0/0    18:21   0:00   0:00 
Tyson Jost               0  1  1   0  0   1  0  0  0  0  0/1    11:47   0:00   0:00 
Valeri Nichushkin        0  0  0   1  0   5  1  0  0  0  1/3    21:09   1:47   1:28 

3 Stars

1 - Patrick Kane (MTL)
2 - Ivan Provorov (MTL)
3 - Ilya Kovalchuk (MTL)

Power Play

Predators - 0 on 4 Attempt(s) - 0,00%
Canadiens - 1 on 2 Attempt(s) - 50,00%

Penalty Kill

Predators - 1 on 2 Attempt(s) - 50,00% - Score 0 goal in Penalty Kill
Canadiens - 4 on 4 Attempt(s) - 100,00% - Score 0 goal in Penalty Kill

Team Stat

Predators - Hits : 31 - Faceoff Wins : 47 - Blocked Shots : 9 - Penalty Minutes : 4
Canadiens - Hits : 17 - Faceoff Wins : 55 - Blocked Shots : 8 - Penalty Minutes : 8

Official

Referees : Jean Hebert and Ghislain Hebert
Linesman : Bryan Pancich and Shandor Alphonso

Game Notes

No Game Note

Finance

Level 1 -- Attendance: 6500 (100,00%) -- Ticket Income 780 000 $
Level 2 -- Attendance: 5000 (100,00%) -- Ticket Income 425 000 $
Level 3 -- Attendance: 2929 (83,69%) -- Ticket Income 190 385 $
Level 4 -- Attendance: 2948 (55,76%) -- Ticket Income 58 960 $
Luxury Box -- Attendance: 1000 (100,00%) -- Ticket Income 220 000 $
Game was played at the Bell Centre.
Total Attendance: 18377 (86,33%)
Total Ticket Income: 1 674 345 $
Other Income: 820 429 $
Total Income: 2 494 774 $

% Time on Ice - Predators

Lines # - Real PCT - Wanted PCT - Time Play
Normal Forward
1 - 31% - 40% - 15:47
2 - 34% - 30% - 17:25
3 - 25% - 20% - 12:28
4 - 10% - 10% - 4:52
Normal Defense
1 - 39% - 40% - 19:32
2 - 33% - 30% - 16:47
3 - 25% - 20% - 12:39
4 - 3% - 10% - 1:34
PP Forward
1 - 52% - 60% - 3:11
2 - 48% - 40% - 2:53
PP Defense
1 - 49% - 60% - 3:00
2 - 51% - 40% - 3:04
PK Forward
1 - 89% - 60% - 3:02
2 - 11% - 40% - 0:22
PK Defense
1 - 59% - 60% - 2:01
2 - 41% - 40% - 1:23
PK3 Forward
1 - 0% - 60%
2 - 0% - 40%
PK3 Defense
1 - 0% - 60%
2 - 0% - 40%
44 Forward
1 - 0% - 60%
2 - 0% - 40%
44 Defense
1 - 0% - 60%
2 - 0% - 40%
Last Minute Offensive  - 0:00
Last Minute Defensive  - 0:00
Total
Forward - 60:00
Defense - 60:00

% Time on Ice - Canadiens

Lines # - Real PCT - Wanted PCT - Time Play
Normal Forward
1 - 35% - 40% - 17:54
2 - 28% - 30% - 14:04
3 - 23% - 20% - 11:47
4 - 13% - 10% - 6:47
Normal Defense
1 - 36% - 34% - 18:22
2 - 33% - 33% - 16:42
3 - 19% - 20% - 9:35
4 - 12% - 13% - 5:53
PP Forward
1 - 52% - 60% - 1:47
2 - 48% - 40% - 1:37
PP Defense
1 - 52% - 60% - 1:47
2 - 48% - 40% - 1:37
PK Forward
1 - 64% - 60% - 3:54
2 - 36% - 40% - 2:10
PK Defense
1 - 54% - 50% - 3:15
2 - 46% - 50% - 2:49
PK3 Forward
1 - 0% - 60%
2 - 0% - 40%
PK3 Defense
1 - 0% - 50%
2 - 0% - 50%
44 Forward
1 - 0% - 60%
2 - 0% - 40%
44 Defense
1 - 0% - 60%
2 - 0% - 40%
Last Minute Offensive  - 0:00
Last Minute Defensive  - 0:00
Total
Forward - 60:00
Defense - 60:00

Play-by-Play

1st period


0:01 of 1st period - J.T. Miller wins face-off versus Auston Matthews in neutral zone.
0:18 of 1st period - Shot by Patrick Kane.
0:18 of 1st period - Goal by Patrick Kane - Predators : 0 - Canadiens : 1.
0:19 of 1st period - Evgeny Kuznetsov wins face-off versus David Krejci in neutral zone.
0:50 of 1st period - Shot by Jakob Silfverberg.
0:50 of 1st period - Shot Misses the Net.
0:53 of 1st period - Icing by Oscar Klefbom.
0:54 of 1st period - Colin White wins face-off versus Evgeny Kuznetsov in Predators zone.
1:05 of 1st period - Shot by Tyson Jost.
1:05 of 1st period - Stopped by Devan Dubnyk without a rebound.
1:06 of 1st period - Alexander Kerfoot wins face-off versus Auston Matthews in Predators zone.
1:30 of 1st period - Minor Penalty to Travis Sanheim for Cross-checking.
1:31 of 1st period - J.T. Miller wins face-off versus Nick Shore in Canadiens zone.
1:46 of 1st period - Shot by Oliver Ekman-Larsson.
1:46 of 1st period - Stopped by Tuukka Rask without a rebound.
1:47 of 1st period - Nick Shore wins face-off versus Evgeny Kuznetsov in Canadiens zone.
2:10 of 1st period - Shot by Oscar Klefbom.
2:10 of 1st period - Stopped by Tuukka Rask without a rebound.
2:11 of 1st period - Jakob Silfverberg wins face-off versus J.T. Miller in Canadiens zone.
2:57 of 1st period - Shot by Jakob Silfverberg.
2:57 of 1st period - Stopped by Devan Dubnyk without a rebound.
2:58 of 1st period - Nick Shore wins face-off versus Evgeny Kuznetsov in Predators zone.
3:34 of 1st period - Auston Matthews is hit by Nikita Zadorov and loses puck.
3:57 of 1st period - Shot by Patrick Kane.
3:57 of 1st period - Deflect By Auston Matthews.
3:57 of 1st period - Stopped by Devan Dubnyk without a rebound.
3:58 of 1st period - David Krejci wins face-off versus J.T. Miller in Predators zone.
4:12 of 1st period - Shot by J.T. Miller.
4:12 of 1st period - Stopped by Tuukka Rask without a rebound.
4:13 of 1st period - J.T. Miller wins face-off versus Tyson Jost in Canadiens zone.
4:13 of 1st period - J.T. Miller is hit by Cam Fowler.
4:24 of 1st period - Minor Penalty to Artturi Lehkonen for Tripping.
4:25 of 1st period - Evgeny Kuznetsov wins face-off versus Nick Shore in Canadiens zone.
4:35 of 1st period - Kyle Connor is hit by Ivan Provorov and loses puck.
4:38 of 1st period - Shot by Colton Sissons.
4:38 of 1st period - Shot Misses the Net.
4:52 of 1st period - Shot by Colton Sissons.
4:52 of 1st period - Shot Misses the Net.
4:54 of 1st period - Shot by Colton Sissons.
4:54 of 1st period - Shot Blocked by Jakob Silfverberg.
4:56 of 1st period - Shot by Colton Sissons.
4:56 of 1st period - Stopped by Tuukka Rask without a rebound.
4:57 of 1st period - J.T. Miller wins face-off versus Nick Shore in Canadiens zone.
5:27 of 1st period - Off-side.
5:28 of 1st period - Jakob Silfverberg wins face-off versus Evgeny Kuznetsov in neutral zone.
5:45 of 1st period - Shot by Roman Josi.
5:45 of 1st period - Stopped by Tuukka Rask without a rebound.
5:46 of 1st period - J.T. Miller wins face-off versus Nick Shore in Canadiens zone.
6:40 of 1st period - Shot by Evgeny Kuznetsov.
6:40 of 1st period - Stopped by Tuukka Rask without a rebound.
6:41 of 1st period - Alexander Kerfoot wins face-off versus David Krejci in Canadiens zone.
7:51 of 1st period - Cam Fowler is hit by Colton Sissons and loses puck.
8:08 of 1st period - Shot by Auston Matthews.
8:08 of 1st period - Stopped by Devan Dubnyk without a rebound.
8:09 of 1st period - J.T. Miller wins face-off versus Colin White in Predators zone.
8:09 of 1st period - J.T. Compher is hit by Colin White and loses puck.
8:20 of 1st period - Shot by Tyson Jost.
8:20 of 1st period - Deflect By Artturi Lehkonen.
8:20 of 1st period - Shot Blocked by Thomas Chabot.
8:22 of 1st period - Shot by Ivan Provorov.
8:22 of 1st period - The goal is going for a video replay.
8:22 of 1st period - The goal is good.
8:22 of 1st period - Goal by Ivan Provorov - Predators : 0 - Canadiens : 2.
8:23 of 1st period - Nick Shore wins face-off versus J.T. Miller in neutral zone.
8:29 of 1st period - Icing by Roman Josi.
8:30 of 1st period - J.T. Miller wins face-off versus David Krejci in Predators zone.
8:49 of 1st period - Shot by Victor Olofsson.
8:49 of 1st period - Shot Misses the Net.
8:55 of 1st period - Shot by Jakob Silfverberg.
8:55 of 1st period - Shot Misses the Net.
9:05 of 1st period - Shot by Ilya Kovalchuk.
9:05 of 1st period - Stopped by Devan Dubnyk without a rebound.
9:06 of 1st period - Auston Matthews wins face-off versus Evgeny Kuznetsov in Predators zone.
9:13 of 1st period - Shot by Valeri Nichushkin.
9:13 of 1st period - Stopped by Devan Dubnyk without a rebound.
9:14 of 1st period - Auston Matthews wins face-off versus Evgeny Kuznetsov in Predators zone.
10:34 of 1st period - Off-side.
10:35 of 1st period - J.T. Miller wins face-off versus David Krejci in neutral zone.
12:12 of 1st period - Icing by Oliver Ekman-Larsson.
12:13 of 1st period - J.T. Miller wins face-off versus Valeri Nichushkin in Predators zone.
12:26 of 1st period - Shot by Auston Matthews.
12:26 of 1st period - Shot Misses the Net.
12:51 of 1st period - J.T. Compher is hit by Auston Matthews and loses puck.
13:13 of 1st period - Shot by Colin White.
13:13 of 1st period - Shot Misses the Net.
13:15 of 1st period - Shot by Ivan Provorov.
13:15 of 1st period - Shot Misses the Net.
13:17 of 1st period - Shot by Artturi Lehkonen.
13:17 of 1st period - Shot Blocked by Oliver Ekman-Larsson.
13:23 of 1st period - Shot by Colin White.
13:23 of 1st period - Stopped by Devan Dubnyk without a rebound.
13:24 of 1st period - David Krejci wins face-off versus Evgeny Kuznetsov in Predators zone.
13:28 of 1st period - Icing by Thomas Chabot.
13:29 of 1st period - Evgeny Kuznetsov wins face-off versus David Krejci in Predators zone.
14:06 of 1st period - Shot by Kyle Connor.
14:06 of 1st period - Stopped by Tuukka Rask without a rebound.
14:07 of 1st period - Alexander Kerfoot wins face-off versus Auston Matthews in Canadiens zone.
15:10 of 1st period - Icing by Thomas Chabot.
15:11 of 1st period - Evgeny Kuznetsov wins face-off versus Colin White in Predators zone.
15:11 of 1st period - Evgeny Kuznetsov is hit by Artturi Lehkonen.
15:28 of 1st period - Oscar Klefbom is hit by Travis Sanheim and loses puck.
16:21 of 1st period - Icing by Shea Theodore.
16:22 of 1st period - David Krejci wins face-off versus Tyler Pitlick in Predators zone.
16:29 of 1st period - Shot by Ilya Kovalchuk.
16:29 of 1st period - Goal by Ilya Kovalchuk - Predators : 0 - Canadiens : 3.
16:30 of 1st period - Alexander Kerfoot wins face-off versus Ilya Kovalchuk in neutral zone.
16:32 of 1st period - Oliver Ekman-Larsson is hit by Danny DeKeyser.
16:53 of 1st period - Ilya Kovalchuk is hit by Darren Helm and loses puck.
17:30 of 1st period - Shot by J.T. Miller.
17:30 of 1st period - Shot Misses the Net.
17:32 of 1st period - Shot by Oscar Klefbom.
17:32 of 1st period - Shot Blocked by Josh Morrissey.
17:36 of 1st period - Shot by J.T. Miller.
17:36 of 1st period - Goal by J.T. Miller - Predators : 1 - Canadiens : 3.
17:37 of 1st period - Nick Shore wins face-off versus Evgeny Kuznetsov in neutral zone.
17:40 of 1st period - Shot by Josh Morrissey.
17:40 of 1st period - Shot Blocked by Shea Theodore.
17:57 of 1st period - Loui Eriksson is hit by Nikita Zadorov.
18:07 of 1st period - Shot by Loui Eriksson.
18:07 of 1st period - Stopped by Devan Dubnyk without a rebound.
18:08 of 1st period - Auston Matthews wins face-off versus J.T. Compher in Predators zone.
18:11 of 1st period - Shot by Patrick Kane.
18:11 of 1st period - Shot Misses the Net.
18:15 of 1st period - Shot by Auston Matthews.
18:15 of 1st period - Stopped by Devan Dubnyk without a rebound.
18:16 of 1st period - Auston Matthews wins face-off versus J.T. Miller in Predators zone.
18:35 of 1st period - Shot by Patrick Kane.
18:35 of 1st period - Shot Blocked by Roman Josi.
18:37 of 1st period - Shot by Danny DeKeyser.
18:37 of 1st period - Shot Misses the Net.
18:39 of 1st period - Shot by Patrick Kane.
18:39 of 1st period - Shot Misses the Net.
18:43 of 1st period - Shot by Valeri Nichushkin.
18:43 of 1st period - Stopped by Devan Dubnyk without a rebound.
18:44 of 1st period - Jakob Silfverberg wins face-off versus Alexander Kerfoot in Predators zone.
18:44 of 1st period - Josh Morrissey is hit by Oscar Klefbom and loses puck.
19:05 of 1st period - Shot by Darren Helm.
19:05 of 1st period - Stopped by Tuukka Rask without a rebound.
19:06 of 1st period - Colin White wins face-off versus J.T. Miller in Canadiens zone.
19:06 of 1st period - Colin White is hit by J.T. Miller.
19:26 of 1st period - Icing by Oliver Ekman-Larsson.
19:27 of 1st period - Patrick Kane wins face-off versus Max Pacioretty in Predators zone.
19:27 of 1st period - Patrick Kane is hit by Oliver Ekman-Larsson.
19:51 of 1st period - Icing by Oliver Ekman-Larsson.
19:52 of 1st period - J.T. Miller wins face-off versus David Krejci in Predators zone.
19:56 of 1st period - Off-side.
19:57 of 1st period - David Krejci wins face-off versus Evgeny Kuznetsov in neutral zone.
Goals for this period are 1 for Predators vs 3 for Canadiens.
Shots for this period are 9 for Predators vs 13 for Canadiens.

2nd period


0:01 of 2nd period - J.T. Miller wins face-off versus Auston Matthews in neutral zone.
0:32 of 2nd period - Shot by J.T. Compher.
0:32 of 2nd period - Stopped by Tuukka Rask without a rebound.
0:33 of 2nd period - David Krejci wins face-off versus Kyle Connor in Canadiens zone.
0:33 of 2nd period - David Krejci is hit by Colton Sissons.
0:46 of 2nd period - Off-side.
0:47 of 2nd period - Nick Shore wins face-off versus Alexander Kerfoot in neutral zone.
1:58 of 2nd period - Shot by J.T. Compher.
1:58 of 2nd period - Shot Misses the Net.
2:12 of 2nd period - Shot by Patrick Kane.
2:12 of 2nd period - Shot Misses the Net.
2:16 of 2nd period - Shot by Patrick Kane.
2:16 of 2nd period - Deflect By Auston Matthews.
2:16 of 2nd period - Shot Misses the Net.
2:20 of 2nd period - Shot by Auston Matthews.
2:20 of 2nd period - Shot Misses the Net.
2:56 of 2nd period - Kyle Connor is hit by Cam Fowler.
3:10 of 2nd period - Shot by Jakob Silfverberg.
3:10 of 2nd period - Stopped by Devan Dubnyk without a rebound.
3:11 of 2nd period - Colin White wins face-off versus Alexander Kerfoot in Predators zone.
4:00 of 2nd period - Shot by Evgeny Kuznetsov.
4:00 of 2nd period - Stopped by Tuukka Rask without a rebound.
4:01 of 2nd period - Auston Matthews wins face-off versus J.T. Miller in Canadiens zone.
4:07 of 2nd period - Off-side.
4:08 of 2nd period - Colton Sissons wins face-off versus Auston Matthews in neutral zone.
4:10 of 2nd period - Off-side.
4:11 of 2nd period - J.T. Miller wins face-off versus Auston Matthews in neutral zone.
4:20 of 2nd period - Shot by J.T. Miller.
4:20 of 2nd period - Stopped by Tuukka Rask without a rebound.
4:21 of 2nd period - Evgeny Kuznetsov wins face-off versus David Krejci in Canadiens zone.
5:00 of 2nd period - Shot by Ilya Kovalchuk.
5:00 of 2nd period - Stopped by Devan Dubnyk without a rebound.
5:01 of 2nd period - J.T. Miller wins face-off versus Auston Matthews in Predators zone.
5:13 of 2nd period - Icing by Travis Sanheim.
5:14 of 2nd period - Auston Matthews wins face-off versus Alexander Kerfoot in Canadiens zone.
5:14 of 2nd period - Auston Matthews is hit by Brendan Smith.
5:22 of 2nd period - Shot by Valeri Nichushkin.
5:22 of 2nd period - Stopped by Devan Dubnyk with a rebound.
5:36 of 2nd period - Shot by Darren Helm.
5:36 of 2nd period - Stopped by Tuukka Rask without a rebound.
5:37 of 2nd period - J.T. Miller wins face-off versus Colin White in Canadiens zone.
6:03 of 2nd period - Tyson Jost is hit by Oliver Ekman-Larsson and loses puck.
6:30 of 2nd period - Shot by Jakob Silfverberg.
6:30 of 2nd period - Shot Misses the Net.
6:32 of 2nd period - Shot by Ilya Kovalchuk.
6:32 of 2nd period - Shot Misses the Net.
6:34 of 2nd period - Shot by Jakob Silfverberg.
6:34 of 2nd period - Stopped by Devan Dubnyk without a rebound.
6:35 of 2nd period - Evgeny Kuznetsov wins face-off versus Valeri Nichushkin in Predators zone.
7:03 of 2nd period - Shot by Valeri Nichushkin.
7:03 of 2nd period - Stopped by Devan Dubnyk without a rebound.
7:04 of 2nd period - David Krejci wins face-off versus Alexander Kerfoot in Predators zone.
7:04 of 2nd period - Jakob Silfverberg is hit by Nikita Zadorov and loses puck.
7:15 of 2nd period - Shot by Brendan Smith.
7:15 of 2nd period - Deflect By Alexander Kerfoot.
7:15 of 2nd period - Stopped by Tuukka Rask without a rebound.
7:16 of 2nd period - J.T. Miller wins face-off versus Nick Shore in Canadiens zone.
7:55 of 2nd period - Icing by J.T. Miller.
7:56 of 2nd period - J.T. Miller wins face-off versus Auston Matthews in Predators zone.
7:56 of 2nd period - J.T. Miller is hit by Auston Matthews.
8:12 of 2nd period - Patrick Kane is hit by Thomas Chabot and loses puck.
8:24 of 2nd period - Patrick Kane is hit by Oscar Klefbom and loses puck.
8:35 of 2nd period - Shot by Nate Schmidt.
8:35 of 2nd period - Stopped by Devan Dubnyk without a rebound.
8:36 of 2nd period - Evgeny Kuznetsov wins face-off versus David Krejci in Predators zone.
8:36 of 2nd period - Evgeny Kuznetsov is hit by Jakob Silfverberg.
9:16 of 2nd period - Icing by Cam Fowler.
9:17 of 2nd period - Ilya Kovalchuk wins face-off versus Brendan Smith in Canadiens zone.
9:40 of 2nd period - Icing by Ivan Provorov.
9:41 of 2nd period - J.T. Miller wins face-off versus Colin White in Canadiens zone.
9:44 of 2nd period - Shot by J.T. Miller.
9:44 of 2nd period - Shot Blocked by Colin White.
9:54 of 2nd period - Shot by Colin White.
9:54 of 2nd period - Shot Misses the Net.
10:54 of 2nd period - Shot by Patrick Kane.
10:54 of 2nd period - Stopped by Devan Dubnyk with a rebound.
10:56 of 2nd period - Shot by Nate Schmidt.
10:56 of 2nd period - Goal by Nate Schmidt - Predators : 1 - Canadiens : 4.
10:57 of 2nd period - Alexander Kerfoot wins face-off versus David Krejci in neutral zone.
11:14 of 2nd period - Shot by Jakob Silfverberg.
11:14 of 2nd period - Stopped by Devan Dubnyk without a rebound.
11:15 of 2nd period - Nick Shore wins face-off versus Evgeny Kuznetsov in Predators zone.
11:18 of 2nd period - Shot by Loui Eriksson.
11:18 of 2nd period - Shot Misses the Net.
11:29 of 2nd period - Kyle Connor is hit by Ivan Provorov and loses puck.
11:41 of 2nd period - Evgeny Kuznetsov is hit by Ivan Provorov.
12:17 of 2nd period - Shot by Darren Helm.
12:17 of 2nd period - Shot Misses the Net.
12:19 of 2nd period - Shot by Brendan Smith.
12:19 of 2nd period - Shot Blocked by Danny DeKeyser.
13:29 of 2nd period - Off-side.
13:30 of 2nd period - David Krejci wins face-off versus Evgeny Kuznetsov in neutral zone.
13:32 of 2nd period - Off-side.
13:33 of 2nd period - David Krejci wins face-off versus Evgeny Kuznetsov in neutral zone.
13:33 of 2nd period - David Krejci is hit by Colton Sissons.
13:36 of 2nd period - Off-side.
13:37 of 2nd period - David Krejci wins face-off versus Evgeny Kuznetsov in neutral zone.
13:52 of 2nd period - Shot by Kyle Connor.
13:52 of 2nd period - Stopped by Tuukka Rask without a rebound.
13:53 of 2nd period - Artturi Lehkonen wins face-off versus J.T. Miller in Canadiens zone.
14:32 of 2nd period - Shot by Tyson Jost.
14:32 of 2nd period - Shot Misses the Net.
15:08 of 2nd period - Patrick Kane is hit by Roman Josi and loses puck.
15:53 of 2nd period - Shot by Jakob Silfverberg.
15:53 of 2nd period - Stopped by Devan Dubnyk with a rebound.
15:55 of 2nd period - Shot by Ivan Provorov.
15:55 of 2nd period - Stopped by Devan Dubnyk without a rebound.
15:56 of 2nd period - Justin Abdelkader wins face-off versus Alexander Kerfoot in Predators zone.
15:56 of 2nd period - Justin Abdelkader is hit by Nikita Zadorov.
16:15 of 2nd period - Shot by Nick Shore.
16:15 of 2nd period - Stopped by Devan Dubnyk with a rebound.
16:31 of 2nd period - Josh Morrissey is hit by Nikita Zadorov and loses puck.
18:02 of 2nd period - Shot by Colton Sissons.
18:02 of 2nd period - Shot Blocked by Cam Fowler.
18:04 of 2nd period - Shot by Oliver Ekman-Larsson.
18:04 of 2nd period - Shot Misses the Net.
18:06 of 2nd period - Shot by Colton Sissons.
18:06 of 2nd period - Stopped by Tuukka Rask with a rebound.
18:08 of 2nd period - Shot by Kyle Connor.
18:08 of 2nd period - Stopped by Tuukka Rask without a rebound.
18:09 of 2nd period - David Krejci wins face-off versus J.T. Miller in Canadiens zone.
18:19 of 2nd period - Ilya Kovalchuk is hit by J.T. Miller and loses puck.
18:24 of 2nd period - J.T. Compher is hit by David Krejci.
18:37 of 2nd period - Icing by Ivan Provorov.
18:38 of 2nd period - David Krejci wins face-off versus Alexander Kerfoot in Canadiens zone.
18:48 of 2nd period - Off-side.
18:49 of 2nd period - Evgeny Kuznetsov wins face-off versus Auston Matthews in neutral zone.
18:54 of 2nd period - Valeri Nichushkin is hit by Kyle Connor and loses puck.
19:08 of 2nd period - Shot by Patrick Kane.
19:08 of 2nd period - Shot Misses the Net.
19:26 of 2nd period - Shot by Auston Matthews.
19:26 of 2nd period - Deflect By Patrick Kane.
19:26 of 2nd period - Stopped by Devan Dubnyk without a rebound.
19:27 of 2nd period - David Krejci wins face-off versus Alexander Kerfoot in Predators zone.
19:29 of 2nd period - Minor Penalty to Thomas Chabot for Roughing.
19:30 of 2nd period - J.T. Miller wins face-off versus David Krejci in Predators zone.
19:36 of 2nd period - Icing by Ilya Kovalchuk.
19:37 of 2nd period - David Krejci wins face-off versus J.T. Miller in Canadiens zone.
19:37 of 2nd period - David Krejci is hit by J.T. Miller.
19:47 of 2nd period - Off-side.
19:48 of 2nd period - Auston Matthews wins face-off versus J.T. Miller in neutral zone.
Goals for this period are 0 for Predators vs 1 for Canadiens.
Shots for this period are 8 for Predators vs 13 for Canadiens.

3rd period


0:01 of 3rd period - Auston Matthews wins face-off versus J.T. Miller in neutral zone.
1:14 of 3rd period - Shot by Jakob Silfverberg.
1:14 of 3rd period - Shot Blocked by Evgeny Kuznetsov.
1:41 of 3rd period - Shot by Tyson Jost.
1:41 of 3rd period - Shot Misses the Net.
1:43 of 3rd period - Shot by Artturi Lehkonen.
1:43 of 3rd period - Shot Misses the Net.
2:02 of 3rd period - Shot by Tyson Jost.
2:02 of 3rd period - Deflect By Colin White.
2:02 of 3rd period - Stopped by Devan Dubnyk without a rebound.
2:03 of 3rd period - Nick Shore wins face-off versus J.T. Miller in Predators zone.
2:11 of 3rd period - Justin Abdelkader is hit by Oliver Ekman-Larsson and loses puck.
2:30 of 3rd period - Shot by J.T. Compher.
2:30 of 3rd period - Deflect By J.T. Miller.
2:30 of 3rd period - Stopped by Tuukka Rask without a rebound.
2:31 of 3rd period - Auston Matthews wins face-off versus Evgeny Kuznetsov in Canadiens zone.
2:33 of 3rd period - Josh Morrissey is hit by Colton Sissons and loses puck.
2:37 of 3rd period - Josh Morrissey is hit by Nikita Zadorov and loses puck.
2:45 of 3rd period - Icing by Nikita Zadorov.
2:46 of 3rd period - David Krejci wins face-off versus Evgeny Kuznetsov in Predators zone.
3:05 of 3rd period - Shot by Jakob Silfverberg.
3:05 of 3rd period - Stopped by Devan Dubnyk without a rebound.
3:06 of 3rd period - Alexander Kerfoot wins face-off versus Auston Matthews in Predators zone.
3:21 of 3rd period - Shot by Patrick Kane.
3:21 of 3rd period - Shot Misses the Net.
3:24 of 3rd period - Icing by Roman Josi.
3:25 of 3rd period - David Krejci wins face-off versus Alexander Kerfoot in Predators zone.
3:42 of 3rd period - Shot by David Krejci.
3:42 of 3rd period - Shot Misses the Net.
4:06 of 3rd period - Shot by Jakob Silfverberg.
4:06 of 3rd period - Stopped by Devan Dubnyk without a rebound.
4:07 of 3rd period - Auston Matthews wins face-off versus J.T. Miller in Predators zone.
4:07 of 3rd period - Auston Matthews is hit by Oscar Klefbom.
4:17 of 3rd period - Shot by Patrick Kane.
4:17 of 3rd period - Shot Misses the Net.
4:46 of 3rd period - Icing by Josh Morrissey.
4:47 of 3rd period - Valeri Nichushkin wins face-off versus Evgeny Kuznetsov in Canadiens zone.
4:47 of 3rd period - Valeri Nichushkin is hit by Colton Sissons.
5:14 of 3rd period - Shot by Kyle Connor.
5:14 of 3rd period - Shot Blocked by Cam Fowler.
5:39 of 3rd period - Tyson Jost is hit by Nikita Zadorov and loses puck.
5:59 of 3rd period - David Krejci is hit by Nikita Zadorov.
6:00 of 3rd period - Minor Penalty to Nikita Zadorov for High sticking.
6:01 of 3rd period - David Krejci wins face-off versus Alexander Kerfoot in Predators zone.
6:07 of 3rd period - Shot by Nate Schmidt.
6:07 of 3rd period - Shot Misses the Net.
6:13 of 3rd period - Shot by Ilya Kovalchuk.
6:13 of 3rd period - Shot Misses the Net.
6:19 of 3rd period - Shot by David Krejci.
6:19 of 3rd period - Stopped by Devan Dubnyk with a rebound.
7:03 of 3rd period - Shot by Cam Fowler.
7:03 of 3rd period - Stopped by Devan Dubnyk without a rebound.
7:04 of 3rd period - Auston Matthews wins face-off versus Evgeny Kuznetsov in Predators zone.
7:23 of 3rd period - Shot by Cam Fowler.
7:23 of 3rd period - Shot Misses the Net.
7:25 of 3rd period - Shot by Josh Morrissey.
7:25 of 3rd period - Goal by Josh Morrissey - Predators : 1 - Canadiens : 5.
7:26 of 3rd period - Colin White wins face-off versus J.T. Miller in neutral zone.
7:33 of 3rd period - Shot by Tyson Jost.
7:33 of 3rd period - Shot Blocked by Thomas Chabot.
8:04 of 3rd period - Icing by Ivan Provorov.
8:05 of 3rd period - Alexander Kerfoot wins face-off versus Colin White in Canadiens zone.
8:10 of 3rd period - Shot by Darren Helm.
8:10 of 3rd period - Shot Misses the Net.
8:20 of 3rd period - Shot by Alexander Kerfoot.
8:20 of 3rd period - Goal by Alexander Kerfoot - Predators : 2 - Canadiens : 5.
8:21 of 3rd period - Auston Matthews wins face-off versus Evgeny Kuznetsov in neutral zone.
8:28 of 3rd period - Shot by Patrick Kane.
8:28 of 3rd period - Shot Blocked by Oliver Ekman-Larsson.
8:33 of 3rd period - Icing by Oliver Ekman-Larsson.
8:34 of 3rd period - Ilya Kovalchuk wins face-off versus Evgeny Kuznetsov in Predators zone.
8:41 of 3rd period - Shot by Jakob Silfverberg.
8:41 of 3rd period - Stopped by Devan Dubnyk with a rebound.
9:07 of 3rd period - Shot by David Krejci.
9:07 of 3rd period - Shot Misses the Net.
9:09 of 3rd period - Shot by David Krejci.
9:09 of 3rd period - Stopped by Devan Dubnyk without a rebound.
9:10 of 3rd period - J.T. Miller wins face-off versus Auston Matthews in Predators zone.
9:10 of 3rd period - J.T. Miller is hit by Valeri Nichushkin.
9:22 of 3rd period - Shot by J.T. Compher.
9:22 of 3rd period - Shot Misses the Net.
9:38 of 3rd period - Shot by Valeri Nichushkin.
9:38 of 3rd period - Shot Blocked by Oscar Klefbom.
9:40 of 3rd period - Shot by Valeri Nichushkin.
9:40 of 3rd period - Shot Blocked by Oscar Klefbom.
9:44 of 3rd period - Shot by Patrick Kane.
9:44 of 3rd period - Shot Misses the Net.
9:52 of 3rd period - Shot by Auston Matthews.
9:52 of 3rd period - Stopped by Devan Dubnyk without a rebound.
9:53 of 3rd period - Alexander Kerfoot wins face-off versus Colin White in Predators zone.
10:10 of 3rd period - Shot by Nate Schmidt.
10:10 of 3rd period - Stopped by Devan Dubnyk without a rebound.
10:11 of 3rd period - Evgeny Kuznetsov wins face-off versus David Krejci in Predators zone.
10:13 of 3rd period - Colton Sissons is hit by Ilya Kovalchuk and loses puck.
10:26 of 3rd period - Shot by Evgeny Kuznetsov.
10:26 of 3rd period - Shot Misses the Net.
10:48 of 3rd period - Ivan Provorov is hit by Nikita Zadorov and loses puck.
11:10 of 3rd period - Shot by Auston Matthews.
11:10 of 3rd period - Stopped by Devan Dubnyk with a rebound.
11:28 of 3rd period - Shot by Valeri Nichushkin.
11:28 of 3rd period - Stopped by Devan Dubnyk without a rebound.
11:29 of 3rd period - J.T. Compher wins face-off versus Colin White in Predators zone.
11:29 of 3rd period - J.T. Compher is hit by Artturi Lehkonen.
12:31 of 3rd period - Icing by Travis Sanheim.
12:32 of 3rd period - Nick Shore wins face-off versus Alexander Kerfoot in Canadiens zone.
12:37 of 3rd period - Oscar Klefbom is hit by Justin Abdelkader and loses puck.
12:48 of 3rd period - Shot by Darren Helm.
12:48 of 3rd period - Stopped by Tuukka Rask without a rebound.
12:49 of 3rd period - J.T. Miller wins face-off versus Auston Matthews in Canadiens zone.
12:52 of 3rd period - Shot by Nikita Zadorov.
12:52 of 3rd period - Shot Blocked by Danny DeKeyser.
12:55 of 3rd period - Icing by Danny DeKeyser.
12:56 of 3rd period - Auston Matthews wins face-off versus Evgeny Kuznetsov in Canadiens zone.
13:22 of 3rd period - Shot by Patrick Kane.
13:22 of 3rd period - Shot Misses the Net.
13:31 of 3rd period - Icing by Roman Josi.
13:32 of 3rd period - David Krejci wins face-off versus Evgeny Kuznetsov in Predators zone.
13:39 of 3rd period - Shot by Ilya Kovalchuk.
13:39 of 3rd period - Stopped by Devan Dubnyk without a rebound.
13:40 of 3rd period - J.T. Miller wins face-off versus David Krejci in Predators zone.
14:10 of 3rd period - Minor Penalty to Cam Fowler for Hooking.
14:11 of 3rd period - Nick Shore wins face-off versus Evgeny Kuznetsov in Canadiens zone.
14:11 of 3rd period - Nick Shore is hit by Colton Sissons.
14:45 of 3rd period - Shot by Evgeny Kuznetsov.
14:45 of 3rd period - Deflect By Kyle Connor.
14:45 of 3rd period - Shot Misses the Net.
14:52 of 3rd period - Icing by Kyle Connor.
14:53 of 3rd period - Evgeny Kuznetsov wins face-off versus Nick Shore in Predators zone.
15:02 of 3rd period - Nick Shore is hit by Colton Sissons and loses puck.
15:47 of 3rd period - Shot by Oscar Klefbom.
15:47 of 3rd period - Stopped by Tuukka Rask without a rebound.
15:48 of 3rd period - J.T. Miller wins face-off versus Jakob Silfverberg in Canadiens zone.
16:25 of 3rd period - Shot by Patrick Kane.
16:25 of 3rd period - Shot Misses the Net.
16:27 of 3rd period - Shot by Patrick Kane.
16:27 of 3rd period - Stopped by Devan Dubnyk without a rebound.
16:28 of 3rd period - David Krejci wins face-off versus J.T. Miller in Predators zone.
16:53 of 3rd period - Shot by Victor Olofsson.
16:53 of 3rd period - Stopped by Tuukka Rask without a rebound.
16:54 of 3rd period - Auston Matthews wins face-off versus Alexander Kerfoot in Canadiens zone.
17:12 of 3rd period - Icing by Brendan Smith.
17:13 of 3rd period - Colin White wins face-off versus Alexander Kerfoot in Predators zone.
17:25 of 3rd period - Shot by Oscar Klefbom.
17:25 of 3rd period - Shot Blocked by Cam Fowler.
17:48 of 3rd period - Icing by Travis Sanheim.
17:49 of 3rd period - J.T. Miller wins face-off versus Colin White in Canadiens zone.
18:52 of 3rd period - Shot by Evgeny Kuznetsov.
18:52 of 3rd period - Stopped by Tuukka Rask without a rebound.
18:53 of 3rd period - Alexander Kerfoot wins face-off versus Auston Matthews in Canadiens zone.
19:10 of 3rd period - Shot by Auston Matthews.
19:10 of 3rd period - Stopped by Devan Dubnyk without a rebound.
19:11 of 3rd period - Evgeny Kuznetsov wins face-off versus David Krejci in Predators zone.
19:17 of 3rd period - Off-side.
19:18 of 3rd period - Evgeny Kuznetsov wins face-off versus Auston Matthews in neutral zone.
19:41 of 3rd period - Shot by Auston Matthews.
19:41 of 3rd period - Shot Misses the Net.
19:46 of 3rd period - Auston Matthews is hit by Oliver Ekman-Larsson and loses puck.
19:52 of 3rd period - Minor Penalty to Patrick Kane for Interference.
19:53 of 3rd period - Max Pacioretty wins face-off versus Nick Shore in Canadiens zone.
Goals for this period are 1 for Predators vs 1 for Canadiens.
Shots for this period are 6 for Predators vs 15 for Canadiens.